Map: Submarine LE

Players

DarkCCII - Winner!

  • Race: Zerg Zerg
  • League: Diamond
  • Spawn Location: 5:00

Massa

  • Race: Terran Terran
  • League: Platinum
  • Spawn Location: 11:00

VOD

Have the link to the VOD?

Description

Time

  • Played on: Jan. 29, 2021, 3:28 p.m.
  • Length: 11:36
Show
View Real Time Build Order
Export as new Build Order

DarkCCII Zerg - Winner!

Build Orders: Hatch First, Zergling Baneling 

Get SALT Encoding   

  12  0:02  Drone  
  13  0:07  Drone  
  14  0:19  Extractor  
  14  0:20  Drone  
  14  0:21  Extractor  
  13  0:22  Drone  
  13  0:26  Overlord  
  16  0:52  Hatchery  
  16  0:55  Drone  
  16  1:10  Spawning Pool  
  15  1:11  Extractor  
  15  1:14  Drone  
  15  1:17  Drone  
  16  1:21  Drone  
  17  1:31  Drone  
  18  1:38  Overlord  
  18  1:54  Overlord  
  18  1:56  Queen  
  21  2:01  Drone  
  21  2:05  Queen  
  23  2:14  Metabolic Boost  
  23  2:30  Zergling x2  
  23  2:31  Zergling x4  
  26  2:37  Zergling x6  
  29  2:50  Overlord  
  29  2:55  Zergling x2  
  29  2:56  Zergling x2  
  31  3:13  Zergling x6  
  31  3:14  Zergling x2  
  31  3:18  Baneling Nest  
  34  3:22  Zergling x4  
  34  3:23  Zergling x4  
  34  3:24  Zergling x2  
  39  3:29  Zergling x2  
  40  3:39  Zergling x2  
  40  3:41  Zergling x2  
  37  4:21  Zergling x10  
  37  4:23  Baneling x5  
  37  4:24  Baneling x5  
  42  4:25  Baneling x2  
  41  4:32  Zergling x2  
  41  4:33  Zergling x2  
  41  4:35  Zergling x4  
  32  5:26  Zergling x2  
  32  5:27  Zergling x8  
  32  5:28  Zergling x4  
  40  5:42  Drone  
  40  5:43  Drone x2  
  40  5:49  Spore Crawler x2  
  38  5:51  Spore Crawler  
  31  6:12  Drone x2  
  31  6:13  Drone  
  31  6:18  Drone x3  
  35  6:22  Spore Crawler  
  35  6:24  Spore Crawler  
  26  6:54  Drone  
  26  6:55  Drone x4  
  26  6:58  Drone, Lair  
  26  6:59  Drone x4  
  36  7:03  Extractor  
  36  7:05  Drone  
  36  7:07  Spore Crawler  
  35  7:23  Drone x2  
  35  7:27  Drone x3  
  35  7:28  Drone  
  41  7:35  Spore Crawler  
  40  7:39  Extractor x2  
  38  7:54  Drone x5  
  43  8:00  Hatchery  
  42  8:05  Drone  
  42  8:08  Drone  
  42  8:09  Drone, Overlord x3  
  42  8:10  Overlord x2  
  45  8:26  Queen  
  47  8:27  Drone  
  47  8:28  Drone x3  
  51  8:38  Drone  
  52  8:54  Overlord x2  
  52  9:00  Drone x3, Spire  
  54  9:03  Drone x2  
  54  9:07  Extractor  
  55  9:10  Extractor  
  55  9:12  Queen  
  55  9:15  Drone x2  
  58  9:19  Drone  
  58  9:23  Drone x2  
  58  9:24  Drone  
  62  9:41  Drone x2  
  62  9:42  Spine Crawler x3  
  62  9:43  Spine Crawler  
  62  9:45  Spine Crawler, Drone x2  
  61  9:49  Drone x3  
  64  9:54  Spore Crawler  
  64  9:57  Spine Crawler  
  62  10:20  Mutalisk x2  
  62  10:21  Mutalisk x3  
  66  10:22  Mutalisk  
  66  10:26  Mutalisk x4  
  66  10:27  Mutalisk  
  66  10:28  Mutalisk  
  84  10:31  Mutalisk  
  88  10:44  Mutalisk  
  88  10:45  Mutalisk x3  
  96  11:05  Mutalisk x2  
  96  11:06  Mutalisk x5  
  96  11:07  Mutalisk  
Show
View Real Time Build Order
Export as new Build Order

Massa Terran 

Build Orders: Hellion Banshee 

Get SALT Encoding   

  12  0:00  SCV  
  13  0:12  SCV  
  14  0:21  Supply Depot  
  14  0:30  SCV  
  15  0:43  SCV  
  15  0:45  Barracks  
  16  0:51  Refinery  
  16  0:57  SCV  
  17  1:12  SCV  
  18  1:24  SCV  
  19  1:37  Orbital Command  
  19  1:45  Command Center  
  19  1:48  Barracks Reactor  
  19  2:03  SCV  
  19  2:08  Supply Depot  
  20  2:15  SCV  
  20  2:18  Factory  
  21  2:25  Marine x2  
  21  2:29  SCV  
  24  2:42  Supply Depot  
  24  2:43  Marine x2  
  26  3:00  Marine x2, SCV  
  26  3:03  Hellion  
  31  3:10  Orbital Command  
  31  3:14  Starport  
  31  3:34  Hellion x2, Barracks Tech Lab  
  35  3:49  SCV x2  
  37  4:01  SCV x2  
  39  4:03  Marine  
  39  4:04  Hellion x2  
  36  4:22  SCV x2  
  33  4:25  Hellion  
  33  4:26  Hellion  
  33  4:29  Barracks x2  
  37  4:33  Starport Tech Lab, Refinery  
  37  4:34  SCV x2  
  39  4:43  Supply Depot, Marine  
  40  4:46  SCV x2  
  40  4:47  Hellion  
  45  4:56  Banshee  
  46  5:04  SCV  
  46  5:06  Hellion  
  46  5:08  SCV  
  32  5:16  SCV  
  32  5:20  SCV  
  22  5:35  Marine x2  
  6  5:51  Orbital Command  
  4  6:28  SCV  
  5  6:37  Marine  
  5  6:38  Marine  
  7  6:40  SCV  
  7  6:52  SCV  
  8  7:01  Widow Mine  
  10  7:04  SCV  
  11  7:16  SCV  
  12  7:28  SCV  
  13  7:40  SCV  
  14  7:47  Command Center  
  14  7:52  SCV, Widow Mine  
  17  8:05  SCV  
  18  8:13  Widow Mine  
  18  8:17  SCV  
  21  8:29  SCV  
  19  8:39  Starport  
  19  8:41  SCV  
  20  8:46  Engineering Bay  
  20  8:53  SCV  
  21  8:57  Widow Mine  
  21  9:01  Orbital Command  
  23  9:05  SCV  
  23  9:08  Marine  
  25  9:10  Marine  
  26  9:23  Widow Mine  
  28  9:26  SCV  
  28  9:27  SCV  
  30  9:38  SCV  
  31  9:41  SCV  
  33  9:45  Reaper  
  33  9:50  SCV  
  34  9:53  SCV  
  34  9:57  Widow Mine  
  34  9:59  Marine  
  38  10:04  Orbital Command  
  38  10:08  Supply Depot  
  38  10:30  Marine, SCV x2  
  41  10:36  Medivac  
  41  10:42  SCV x2  
  45  11:01  Widow Mine  
  46  11:05  Supply Depot  
  46  11:15  Marine  
  46  11:16  Supply Depot  
  46  11:18  SCV  
  46  11:20  SCV  
  46  11:23  Armory  
Tags
 
Add a new tag
Caveats
  • Supply blocks, unpowered buildings, or Contaminate may cause inaccurate times.
  • Supply counts are checked every 10 seconds.